 Dungeon Crawl Stone Soup version 0.25-a0-435-g4b9beb1024 (webtiles) character file.

Game seed: 9086874840214980553, levelgen mode: deterministic

11 DerDa the Gusty (level 2, 0/20 HPs)
             Began as a Demigod Air Elementalist on Jan 26, 2020.
             Succumbed to a hobgoblin's poison
             ... on level 1 of the Dungeon.
             The game lasted 00:03:02 (395 turns).

DerDa the Gusty (Demigod Air Elementalist)           Turns: 395, Time: 00:03:03

Health: 0/20       AC:  2    Str: 11    XL:     2   Next: 6%
Magic:  2/7        EV: 18    Int: 19    God:
Gold:   0          SH:  0    Dex: 21    Spells: 4/5 levels left

rFire    . . .     SeeInvis .   (no weapon)
rCold    . . .     Gourm    .   (no shield)
rNeg     . . .     Faith    .   a - +0 robe
rPois    .         Spirit   .   (no helmet)
rElec    .         Reflect  .   (no cloak)
rCorr    .         Harm     .   (no gloves)
MR       .....                  (no boots)
Stlth    +++.......             (no amulet)
HPRegen  0.06/turn              (no ring)
MPRegen  0.10/turn              (no ring)

@: agile, lethally poisoned (0 -> -4)
A: high mp 1
a: no special abilities


You were on level 1 of the Dungeon.
You were not hungry.

You visited 1 branch of the dungeon, and saw 1 of its levels.

Inventory:

Armour
 a - a +0 robe (worn)
Comestibles
 c - 3 rations
 d - 2 chunks of flesh


   Skills:
 - Level 1.7 Dodging
 - Level 1.7 Stealth
 + Level 2.0 Spellcasting
 + Level 1.3 Conjurations
 + Level 2.9 Air Magic


You had 4 spell levels left.
You knew the following spells:

 Your Spells              Type           Power        Failure   Level  Hunger
a - Shock                 Conj/Air       ##..         7%          1    #......

Your spell library contained the following spells:

 Spells                   Type           Power        Failure   Level  Hunger
 Swiftness                Chrm/Air       #.......     14%         2    ###....
 Static Discharge         Conj/Air       ##......     22%         3    ###....
 Airstrike                Air            ##........   45%         4    #####..
 Lightning Bolt           Conj/Air       ##........   89%         5    ######.


Dungeon Overview and Level Annotations

Branches:
Dungeon (1/15)


Innate Abilities, Weirdness & Mutations

You have an increased reservoir of magic. (+10% MP)


Message History

Unknown command.
You aren't carrying any scrolls.
Unknown command.
* * * LOW HITPOINT WARNING * * *
You feel sick.
Found a stone staircase leading down.
* * * LOW HITPOINT WARNING * * *
You feel sick.
* * * LOW HITPOINT WARNING * * *
You feel sick.
You see here a black potion.
It was a potion of agility.
You feel agile all of a sudden.
Unknown command.
* * * LOW HITPOINT WARNING * * *
You feel sick.
Found a stone staircase leading down.
A jackal comes into view.
There is a stone staircase leading down here.
You die...

...h.. ..... ....
... .. #.###
#...######
#.>..>....
#.@.###..# #.
######....♣.♣♣♣
.................♣
#♣#..###.##...#♣..♣.
.........#...# P...
♣#♣.......)#...# P♣♣
## .....[.........#
♣ .# ..
.?.......#### .##.#
##..###..#


There were no monsters in sight!

Vanquished Creatures
  A ball python (D:1)
  3 goblins (D:1)
  2 hobgoblins (D:1)
  A bat (D:1)
  2 frilled lizards (D:1)
  2 rats (D:1)
11 creatures vanquished.

Notes
Turn   | Place    | Note
-------+----------+-------------------------------------------
     0 | D:1      | DerDa the Demigod Air Elementalist began the quest for the
                  | Orb.
     0 | D:1      | Reached XP level 1. HP: 14/14 MP: 5/5
    12 | D:1      | Reached skill level 1 in Conjurations
   374 | D:1      | Reached XP level 2. HP: 14/20 MP: 1/7
   392 | D:1      | HP: 1/20 [poisoned by a hobgoblin]
   395 | D:1      | Succumbed to a hobgoblin's poison

Levels and vault maps discovered:
D:1:      scummos_arrival_hexagon, layout_rooms, serial_forest,
          infiniplex_forest_pool, infiniplex_forest_lined_1,
          infiniplex_forest_diagonal, infiniplex_forest_split,
          infiniplex_forest_lined_3, infiniplex_forest_clump_diagonal,
          infiniplex_forest_straight_1

Skill      XL: |  1 |
---------------+----+-----
Conjurations   | 1 |  1.3
Spellcasting   | 2 |  2.0
Dodging        | |  1.7
Stealth        | |  1.7
Air Magic      | |  2.9

Action                   || total
-------------------------++-------
 Cast: Shock             ||    18
  Use: Potion            ||     2
Armor: Robe              ||     4
Dodge: Dodged            ||    10

Table legend:
 A = Non-vault XP
 B = Vault XP
 C = Vault XP percentage of total XP
 D = Non-vault monster count
 E = Vault monster count
 F = Vault count percentage of total count
                 A         B        C        D         E       F
            +---------+---------+-------+---------+---------+-------
      Total |      17 |       0 |   0.0 |      11 |       0 |   0.0
            +---------+---------+-------+---------+---------+-------
        D:1 |      17 |       0 |   0.0 |      11 |       0 |   0.0
            +---------+---------+-------+---------+---------+-------
